Map: Dusk Towers

Players

SirRobin

  • Race: Zerg Zerg
  • League: Master

Jason - Winner!

  • Race: Terran Terran
  • League: Grandmaster

VOD

https://youtu.be/hC4hJhawbq8

Description

Time

  • Played on: Jan. 23, 2016, 3:19 p.m.
  • Length: 10:01
Show
View Real Time Build Order
Export as new Build Order

SirRobin Zerg 

Build Orders: Hatch First 

Get SALT Encoding   

  12  0:00  Drone  
  13  0:07  Drone  
  14  0:16  Overlord  
  14  0:22  Drone, Extractor  
  15  0:34  Drone x2  
  17  0:51  Hatchery  
  17  0:53  Drone  
  17  0:57  Drone  
  18  1:10  Spawning Pool  
  17  1:12  Extractor  
  17  1:15  Drone  
  17  1:18  Drone  
  18  1:26  Drone  
  19  1:42  Hatchery  
  19  1:43  Drone  
  19  1:49  Drone  
  20  1:57  Queen  
  22  2:06  Queen  
  24  2:09  Zergling x2  
  25  2:15  Overlord  
  25  2:18  Drone  
  25  2:21  Drone  
  27  2:25  Zergling x2  
  28  2:34  Extractor  
  27  2:37  Extractor  
  27  2:39  Spore Crawler  
  27  2:45  Metabolic Boost  
  27  2:48  Drone  
  27  2:49  Drone x4  
  33  2:57  Queen  
  35  3:09  Drone, Overlord  
  35  3:10  Drone x2  
  35  3:11  Drone  
  39  3:14  Drone  
  39  3:16  Drone  
  39  3:18  Drone  
  42  3:21  Overlord  
  42  3:27  Drone  
  42  3:28  Drone x2  
  42  3:30  Drone  
  46  3:36  Drone x2  
  46  3:37  Drone  
  49  3:43  Drone x3  
  52  3:54  Drone x6  
  58  3:57  Extractor  
  58  3:58  Drone, Extractor  
  58  3:59  Evolution Chamber  
  58  4:00  Evolution Chamber  
  55  4:03  Overlord  
  55  4:04  Drone x2  
  55  4:06  Drone  
  58  4:11  Lair  
  58  4:15  Overlord  
  58  4:19  Spore Crawler  
  58  4:23  Drone  
  56  4:24  Drone x5, Spore Crawler  
  56  4:29  Spore Crawler  
  56  4:30  Queen  
  61  4:35  Zerg Ground Armor Level 1  
  61  4:37  Zergling x4  
  63  4:43  Zerg Melee Weapons Level 1  
  63  4:46  Zergling x2  
  63  4:47  Zergling x10  
  63  4:49  Drone  
  63  4:51  Overlord  
  70  4:55  Overlord  
  70  4:57  Zergling x6  
  70  4:59  Zergling x2  
  74  5:01  Overlord  
  74  5:15  Spire  
  74  5:18  Overseer  
  72  5:21  Hatchery  
  72  5:24  Drone  
  72  5:25  Drone x4, Extractor  
  72  5:27  Roach Warren  
  72  5:32  Queen  
  74  5:37  Extractor  
  74  5:39  Drone x3  
  74  5:41  Drone x2  
  78  5:47  Baneling Nest  
  78  5:48  Drone x3  
  80  5:50  Drone x7  
  80  5:55  Overlord  
  80  5:56  Overlord  
  87  6:04  Overlord  
  87  6:05  Overlord  
  87  6:21  Extractor  
  87  6:22  Overlord  
  87  6:25  Overlord  
  86  6:26  Zergling x18  
  86  6:27  Zergling x6  
  86  6:28  Mutalisk  
  98  6:33  Spore Crawler  
  98  6:35  Spine Crawler  
  98  6:38  Drone  
  98  6:39  Spore Crawler  
  96  6:40  Queen  
  96  6:45  Mutalisk x6  
  105  6:47  Overlord  
  105  6:51  Zerg Flyer Weapons Level 1, Pneumatized Carapace  
  105  6:53  Overseer  
  105  6:54  Drone x2  
  105  6:57  Extractor  
  105  7:00  Drone  
  107  7:04  Overlord, Mutalisk  
  107  7:07  Zergling x2  
  107  7:08  Zergling x10  
  105  7:29  Mutalisk  
  92  7:30  Mutalisk x3  
  92  7:32  Drone x3  
  92  7:33  Overlord  
  92  7:34  Drone x6  
  109  7:45  Zergling x8  
  113  7:53  Hatchery  
  113  7:58  Zergling x8  
  104  8:13  Mutalisk  
  104  8:14  Mutalisk x4  
  104  8:26  Mutalisk  
  102  8:29  Zergling x2  
  102  8:30  Zergling x20  
  112  8:37  Zergling x2  
  113  8:41  Drone  
  114  8:51  Zergling x4  
  114  8:52  Zergling x6  
  114  8:53  Extractor  
  118  8:59  Baneling  
  118  9:00  Baneling  
  118  9:05  Zergling x14  
  125  9:18  Baneling  
  125  9:19  Baneling x9  
  125  9:24  Zergling x8  
  125  9:25  Zergling x14  
  123  9:40  Overlord x2  
  123  9:41  Overlord  
  123  9:42  Overlord  
Show
View Real Time Build Order
Export as new Build Order

Jason Terran - Winner!

Build Orders: Liberator Opening, Reaper Expand, MMM Bio 

Get SALT Encoding   

  12  0:01  SCV  
  13  0:13  SCV  
  14  0:17  Supply Depot  
  14  0:26  SCV  
  15  0:39  SCV  
  15  0:41  Barracks  
  16  0:44  Refinery  
  16  0:51  SCV  
  17  1:03  SCV  
  18  1:15  SCV  
  19  1:29  Reaper, Orbital Command  
  20  1:44  Command Center  
  20  1:53  Supply Depot  
  20  1:55  SCV  
  21  2:05  Barracks Reactor  
  21  2:07  SCV  
  22  2:19  SCV  
  23  2:25  Factory  
  23  2:31  SCV  
  24  2:42  Command Center  
  24  2:43  SCV  
  25  2:46  Refinery  
  25  2:52  Marine  
  25  2:53  Marine  
  25  2:56  SCV  
  28  3:03  Orbital Command  
  28  3:10  Widow Mine  
  28  3:11  SCV  
  31  3:13  Marine  
  31  3:14  Marine  
  33  3:23  SCV  
  33  3:25  Starport  
  34  3:31  SCV  
  35  3:35  SCV  
  35  3:36  Marine  
  35  3:37  Marine  
  38  3:41  Factory Tech Lab  
  38  3:43  SCV  
  38  3:47  SCV, Liberator  
  40  3:55  SCV, Orbital Command  
  41  3:59  SCV  
  42  4:07  SCV  
  45  4:11  SCV, Barracks  
  45  4:13  Barracks  
  45  4:14  Factory Reactor  
  46  4:17  Marine  
  46  4:19  SCV  
  46  4:21  SCV, Stimpack  
  49  4:24  SCV  
  49  4:29  Refinery  
  50  4:31  SCV, Refinery  
  50  4:33  Supply Depot  
  50  4:34  Liberator  
  50  4:35  Marine  
  50  4:36  SCV  
  50  4:38  SCV  
  54  4:43  SCV  
  54  4:44  Engineering Bay  
  55  4:46  Engineering Bay  
  55  4:49  SCV  
  59  4:54  SCV  
  59  4:57  SCV  
  61  5:01  SCV, Factory Reactor  
  61  5:02  Marine x2  
  61  5:05  Orbital Command  
  64  5:07  Supply Depot  
  64  5:10  Supply Depot  
  64  5:14  Terran Infantry Weapons Level 1, Terran Infantry Armor Level 1  
  64  5:21  SCV  
  64  5:22  Marine x3  
  64  5:24  SCV  
  69  5:29  Marauder  
  69  5:32  SCV  
  69  5:34  SCV  
  73  5:36  SCV  
  73  5:39  Marine  
  75  5:45  SCV, Supply Depot  
  75  5:46  Barracks  
  75  5:47  Barracks  
  75  5:49  SCV, Factory Reactor, Marine x2  
  77  5:50  Supply Depot, Medivac  
  81  6:01  Medivac  
  81  6:02  Marauder  
  85  6:07  SCV x3, Marine x2  
  85  6:10  Supply Depot  
  90  6:13  Supply Depot  
  90  6:14  Supply Depot  
  90  6:19  SCV x3  
  90  6:21  Marine x2  
  90  6:23  Marine  
  96  6:26  Medivac  
  96  6:31  SCV, Medivac  
  101  6:33  Armory  
  101  6:34  Marine x2  
  101  6:35  SCV x2  
  105  6:43  Supply Depot, SCV, Marine x2  
  105  6:44  Marauder  
  105  6:45  Barracks Reactor, Barracks Tech Lab  
  105  6:46  Supply Depot  
  112  6:47  SCV x2  
  112  6:50  Refinery  
  112  6:51  Refinery  
  112  6:52  Marine  
  113  6:55  SCV, Factory  
  113  6:56  Marine  
  113  6:58  Starport  
  113  6:59  SCV x2  
  117  7:04  Widow Mine x2  
  117  7:05  Marauder, Marine x2  
  125  7:09  Supply Depot  
  125  7:10  Supply Depot  
  125  7:15  Marine  
  125  7:17  Marine x2  
  128  7:22  Marine  
  128  7:27  Marauder  
  121  7:31  Marine  
  121  7:32  Marine x2  
  121  7:33  Medivac x2, Marine  
  121  7:35  Terran Infantry Armor Level 2, Terran Infantry Weapons Level 2, Marauder  
  131  7:38  Missile Turret  
  131  7:39  Missile Turret x2  
  131  7:40  Missile Turret  
  131  7:41  Factory Tech Lab, Starport Reactor  
  131  7:50  Supply Depot  
  131  7:51  Supply Depot x2  
  131  7:53  Supply Depot  
  131  8:01  Marauder, Marine x2  
  126  8:10  Marine  
  126  8:11  Marine, Marauder  
  126  8:12  Marine  
  126  8:13  Marine  
  126  8:14  Widow Mine  
  126  8:16  SCV  
  126  8:17  SCV x2  
  126  8:18  Siege Tank, Marine  
  126  8:19  Marine  
  132  8:23  Marauder  
  131  8:28  Combat Shields, Concussive Shells, Marine  
  131  8:29  Marine  
  131  8:30  Marine  
  131  8:31  Marine, Medivac x2  
  131  8:32  Marine  
  140  8:36  Marine x2  
  140  8:40  Command Center  
  141  8:44  Marauder  
  141  8:46  Marine  
  141  8:48  Marine x2  
  142  8:49  Widow Mine x2, Marine  
  142  8:50  Marauder  
  142  8:54  Marine  
  152  8:58  Supply Depot  
  152  8:59  Supply Depot  
  152  9:06  Marine, Marauder  
  155  9:11  Marauder, Marine  
  155  9:12  Marine  
  149  9:28  Marine  
  149  9:30  Marine  
  149  9:31  Marauder, Marine  
  148  9:32  Marine x3  
  148  9:33  Marauder  
Tags
 
Add a new tag
Caveats
  • Supply blocks, unpowered buildings, or Contaminate may cause inaccurate times.
  • Supply counts are checked every 10 seconds.